 Dungeon Crawl Stone Soup version 0.28-a0-1038-g9c4cb8273d (webtiles) character file.

Game seed: 4884518068612560753

212373 gimp the Peltast (level 17, -1/119 HPs)
             Began as a Demigod Earth Elementalist on Dec 8, 2021.
             Slain by an entropy weaver (14 damage)
             ... on level 3 of the Spider Nest.
             The game lasted 01:52:12 (50511 turns).

gimp the Peltast (Demigod Earth Elementalist)      Turns: 50511, Time: 01:52:13

Health: -1/119     AC:  5    Str:  9    XL:     17   Next: 61%
Magic:  25/45      EV: 20    Int: 33    God:
Gold:   620        SH: 15    Dex: 22    Spells: 11/37 levels left

rFire   . . .      SeeInvis .   a - staff of cold
rCold   + + .      Faith    .   L - +0 kite shield
rNeg    . . .      Spirit   .   H - +2 robe {rC+ rF+}
rPois   +          Reflect  .   T - +0 hat {Will+}
rElec   +          Harm     .   O - +0 cloak
rCorr   .          Rampage  .   r - +3 pair of gauntlets of War {Slay+5}
Will    ++++.                   (no boots)
Stlth   ++++......              P - amulet of magic regeneration
HPRegen 0.29/turn               n - ring of Sin {rElec rF- Will++ MP+9 Dex+4}
MPRegen 0.69/turn               V - ring of poison resistance

@: corroded, studying Shields
A: high mp 1, forlorn, divine attributes
}: 1/15 runes: barnacled
a: no special abilities


You were on level 3 of the Spider Nest.
You visited 5 branches of the dungeon, and saw 31 of its levels.
You also visited: Ice Cave and Volcano.

You collected 2780 gold pieces.
You spent 2160 gold pieces at shops.

Inventory:

Hand Weapons
 b - the +5 dagger of Uveuxez {drain, Will+}
   (You found it on level 15 of the Dungeon)

   A truly terrible weapon, it drains the life of any living foe it strikes.
   Will:      It increases your willpower.
Missiles
 c - 936 stones
 l - 45 poisoned darts
 t - 4 throwing nets
Armour
 r - the +3 pair of gauntlets of War (worn) {Slay+5}
   (You found it on level 6 of the Lair of Beasts)

   Slay:      It affects your accuracy & damage with ranged weapons and melee
   (+5).
 s - +0 fire dragon scales
 D - the +1 troll leather armour "Bofi" {rElec rC+ Regen+}
   (You bought it in a shop on level 7 of the Dungeon)

   rC:        It protects you from cold.
   rElec:     It insulates you from electricity.
   Regen:     It increases your rate of health regeneration.
 H - a +2 robe of resistance (worn)
 L - a +0 kite shield (worn)
 O - a +0 cloak (worn)
 T - a +0 hat of willpower (worn)
Magical Staves
 a - a staff of cold (weapon)
Jewellery
 n - the ring of Sin (left hand) {rElec rF- Will++ MP+9 Dex+4}
   (You took it off a merfolk javelineer on level 4 of the Shoals)

   [ring of magical power]

   Dex:       It affects your dexterity (+4).
   rF:        It makes you vulnerable to fire.
   rElec:     It insulates you from electricity.
   MP:        It affects your magic capacity (+9).
   Will:      It greatly increases your willpower.
 E - a ring of wizardry
 P - an amulet of magic regeneration (around neck)
 S - an amulet of reflection
 V - a ring of poison resistance (right hand)
 W - a ring of resist corrosion
Wands
 u - a wand of iceblast (15)
 w - a wand of acid (2)
 I - a wand of flame (3)
 J - a wand of mindburst (19)
 K - a wand of digging (6)
 R - a wand of paralysis (3)
Scrolls
 d - 3 scrolls of fear
 e - 3 scrolls of vulnerability
 f - 3 scrolls of fog
 j - 3 scrolls of enchant armour
 k - 3 scrolls of amnesia
 p - a scroll of blinking
 q - 5 scrolls of magic mapping
 v - 2 scrolls of silence
 x - 3 scrolls of teleportation
 y - a scroll of holy word
 X - 2 scrolls of summoning
Potions
 g - a potion of resistance
 h - 4 potions of might
 i - 5 potions of haste
 m - 5 potions of flight
 o - 3 potions of cancellation
 z - a potion of invisibility
 A - 8 potions of curing
 B - 7 potions of brilliance
 F - 7 potions of mutation
 G - 2 potions of magic
 M - 5 potions of berserk rage
 Z - 2 potions of ambrosia
Miscellaneous
 C - a condenser vane
 N - a box of beasts
 U - a phial of floods
 Y - a tin of tremorstones (2/2)


   Skills:
 - Level 3.0 Fighting
 - Level 10.0 Short Blades
 - Level 4.0 Armour
 - Level 10.0 Dodging
 - Level 6.0 Stealth
 - Level 15.0 Shields
 + Level 10.5 Spellcasting
 - Level 8.0 Conjurations
 - Level 5.5 Summonings
 - Level 2.0 Translocations
 - Level 8.0 Transmutations
 * Level 8.8 Ice Magic
 - Level 8.0 Earth Magic
 - Level 8.2 Evocations


You had 11 spell levels left.
You knew the following spells:

 Your Spells              Type           Power      Damage    Failure   Level
a - Stone Arrow           Conj/Erth      100%       3d13      1%          3
b - Sandblast             Erth           100%       2d20      1%          1
c - Petrify               Tmut/Erth      63%        N/A       1%          4
d - Static Discharge      Conj/Air       43%        N/A       1%          2
e - Ozocubu's Refrigerat  Ice            42%        4d13      52%         7
f - Apportation           Tloc           60%        N/A       1%          1
g - Summon Ice Beast      Ice/Summ       77%        N/A       1%          4
h - Flame Wave            Conj/Fire      43%        2d8       5%          4

Your spell library contained the following spells:

 Spells                   Type           Power      Damage    Failure   Level
 Foxfire                  Conj/Fire      100%       2x1d9     1%          1
 Summon Small Mammal      Summ           100%       N/A       1%          1
 Passwall                 Tmut/Erth      52%        N/A       1%          2
 Conjure Flame            Conj/Fire      43%        6-21      1%          3
 Frozen Ramparts          Ice            100%       1d12      1%          3
 Hailstorm                Conj/Ice       83%        3d17      1%          4
 Ice Form                 Ice/Tmut       83%        N/A       1%          4
 Animate Skeleton         Necr           34%        N/A       2%          1
 Slow                     Hex            68%        N/A       2%          1
 Mephitic Cloud           Conj/Pois/Air  35%        N/A       2%          3
 Blade Hands              Tmut           31%        N/A       2%          5
 Portal Projectile        Hex/Tloc       48%        N/A       5%          3
 Confusing Touch          Hex            17%        N/A       9%          3
 Inner Flame              Hex/Fire       17%        N/A       9%          3
 Vampiric Draining        Necr           17%        2d7       9%          3
 Lightning Bolt           Conj/Air       21%        1d36      14%         5
 Summon Mana Viper        Hex/Summ       35%        N/A       24%         5
 Simulacrum               Ice/Necr       31%        N/A       56%         6
 Excruciating Wounds      Necr           8%         N/A       58%         5
 Monstrous Menagerie      Summ           26%        N/A       93%         7
 Maxwell's Capacitive Co  Air            8%         ∞         100%        8


Dungeon Overview and Level Annotations

Branches:
Dungeon (15/15)            Temple (0/1) D:5            Lair (6/6) D:9
 Shoals (4/4) Lair:3       Spider (4/4) Lair:2        Slime (0/5) Lair:6
    Orc (2/2) D:9             Elf (0/3) Orc:2        Vaults (0/5) D:14
 Depths (0/4) D:15          IceCv (visited)         Volcano (visited)

Shops:
D:7 [   D:14 *   Orc:1 !   Orc:2 !(:(*   Shoals:3 =

Portals:
Abyss: Shoals:2

Annotations:
D:4 1 runed translucent door, Sabo's ghost, novice DsBe
D:8 2 transporters, horus123's ghost, novice DECj
Lair:1 exclusion: oklob plant
Shoals:1 exclusion: orange crystal statue
Shoals:2 1 runed translucent door


Innate Abilities, Weirdness & Mutations

You have an increased reservoir of magic. (+10% MP)
You shall have no god before yourself.
Your divine heritage dramatically boosts your attributes as you level up.


Message History

Aim: an entropy weaver (moderately wounded, 69% to hit)
The stone arrow hits the entropy weaver!
The entropy weaver is heavily wounded.
The entropy weaver hits you. The entropy weaver hits you! x2
You block the entropy weaver's attack.
You take 27 damage, and have 56/119 hp.
MASSIVE DAMAGE!!
You now have 29/45 mp.
Casting: Stone Arrow (safe; 1% risk of failure)
Confirm with . or Enter, or press ? or * to list all spells.
Aiming: Stone Arrow (safe; 1% risk of failure)
Press: ? - help, Shift-Dir - straight line, f/p - entropy weaver
Aim: an entropy weaver (heavily wounded, 69% to hit)
The stone arrow hits the entropy weaver!!
The entropy weaver is severely wounded.
The entropy weaver hits you. The entropy weaver misses you.
You block the entropy weaver's attack. The entropy weaver hits you.
You take 9 damage, and have 47/119 hp.
You now have 27/45 mp.
Casting: Stone Arrow (safe; 1% risk of failure)
Confirm with . or Enter, or press ? or * to list all spells.
Aiming: Stone Arrow (safe; 1% risk of failure)
Press: ? - help, Shift-Dir - straight line, f/p - entropy weaver
Aim: an entropy weaver (severely wounded, 69% to hit)
The stone arrow misses the entropy weaver.
The entropy weaver hits you. You block the entropy weaver's attack.
The entropy weaver hits you!
* * * LOW HITPOINT WARNING * * *
The entropy weaver barely misses you. The entropy weaver hits you!
* * * LOW HITPOINT WARNING * * *
The entropy weaver hits you!
* * * LOW HITPOINT WARNING * * *
The entropy weaver hits you!
* * * LOW HITPOINT WARNING * * *
The entropy weaver completely misses you.
You take 43 damage, and have 4/119 hp.
MASSIVE DAMAGE!!
You now have 25/45 mp.
Okay, then.
Okay, then.
You feel much better. You block the entropy weaver's attack.
The entropy weaver hits you!
* * * LOW HITPOINT WARNING * * *
The entropy weaver hits you!
You die...

...#..#....#
...#.^.....#####
^..#....##≈#.≈≈##
#..##..≈#..#..#≈###
.###^.##...#^.#...##
.#^#..#....#^.#....#
...#..#...##..^^..##
...#....###^<^.B#≈#
...#.....#^.###.@###
.....#...#....####.##
##<....#≈..^........#
#.....≈..........^.≈#
#^.#.^.....#.##..#≈##
#..#..........≈#≈≈##
#.......^...^##.#≈##
##.....#..####..#..#
.#.......##....##..###


You could see an entropy weaver.

Vanquished Creatures
  Jorgrun (Spider:3)
  Asterion (Spider:3)
  Polyphemus (Shoals:3)
  Frances (Shoals:1)
  Kirke (Shoals:3)
  3 emperor scorpions
  3 dire elephants (Lair:6)
  An entropy weaver (Spider:1)
  2 spark wasps
  Snorg (D:11)
  4 merfolk impalers
  A fire dragon (D:15)
  5 merfolk javelineers
  Josephine (D:11)
  Fannar (D:11)
  2 rakshasas
  3 boulder beetles
  Erolcha (D:11)
  An ice dragon (D:15)
  7 hydras
  A catoblepas (Shoals:3)
  4 centaur warriors
  2 alligator snapping turtles
  2 merfolk aquamancers
  A merfolk avatar (Shoals:4)
  8 two-headed ogres
  2 dancing weapons (D:14)
  3 ogre magi
  2 satyrs
  11 death yaks
  A tengu warrior (D:15)
  A hell knight (Volcano)
  A sun demon (D:15)
  8 skeletal warriors
  A spectral death yak (Lair:6)
  A soul eater (D:15)
  7 sea snakes
  A spectral anaconda (Lair:6)
  2 obsidian statues
  A wizard (D:14)
  3 necromancers (Lair:6)
  The ghost of Dvallin the Slicer, a novice KoFi of Dithmenos (D:6)
  8 harpies
  6 orb spiders
  3 deep elf pyromancers
  18 manticores
  14 wolf spiders
  10 orc sorcerers (Orc:2)
  18 fauns
  3 ugly things
  A black mamba (Lair:4)
  4 moths of wrath
  4 cyclopes
  6 merfolk sirens
  An apocalypse crab (Shoals:2)
  3 ice statues (IceCv)
  26 elephants
  A water nymph (Shoals:4)
  A smoke demon (D:15)
  2 torpor snails
  An unseen horror (D:11)
  17 cane toads
  2 efreet
  4 rime drakes
  9 komodo dragons
  A kobold demonologist (D:14)
  2 anaconda simulacra (IceCv)
  A nameless horror (Lair:3)
  A hellwing (D:14)
  8 demonic crawlers
  10 jumping spiders
  An entropy weaver simulacrum (IceCv)
  3 wind drakes
  21 merfolk
  A polar bear (Lair:2)
  7 trolls
  2 hornets (Spider:2)
  7 snapping turtles
  7 dream sheep
  23 blink frogs
  A spectral elephant (Lair:6)
  13 tarantellas
  A vampire (D:13)
  6 wraiths
  A ynoxinul (D:15)
  7 water elementals
  51 redbacks
  7 wyverns
  45 yaks
  A dire elephant simulacrum (IceCv)
  5 basilisks
  2 steam dragons (D:7)
  2 vampire mosquitoes (D:15)
  2 death yak simulacra
  8 water moccasins
  3 black bears
  2 ice beasts
  A sky beast (D:8)
  A hornet zombie (D:8)
  16 orc warriors
  3 necrophages
  12 centaurs
  A phantom (D:6)
  8 ogres
  15 wolves
  A kobold brigand (D:8)
  A wyvern zombie (D:8)
  13 bullfrogs
  2 gnoll sergeants
  2 cane toad simulacra
  3 scorpions
  5 killer bees (D:9)
  4 elephant simulacra
  6 howler monkeys
  3 electric eels
  A gnoll shaman (D:5)
  12 hounds
  A jelly (D:4)
  3 centaur zombies
  8 orc priests
  2 iron imps (D:15)
  A bullfrog skeleton (D:6)
  A centaur skeleton (D:7)
  An iguana (D:6)
  6 hell rats
  26 orc wizards
  2 wolf simulacra (IceCv)
  A hound zombie (D:4)
  3 howler monkey zombies
  22 gnolls
  6 adders
  A howler monkey skeleton (D:6)
  3 white imps (D:6)
  4 ufetubi
  An adder skeleton (D:4)
  2 worms
  6 dart slugs
  63 orcs
  6 ball pythons
  6 endoplasms
  3 giant cockroaches
  3 goblins
  6 hobgoblins
  5 jackals
  4 quokkas
  5 bats
  2 frilled lizards (D:2)
  9 kobolds
  4 rats
  A butterfly (Lair:2)
846 creatures vanquished.

Vanquished Creatures (collateral kills)
  A death yak (Lair:6)
  A necromancer (Lair:6)
  A manticore (Shoals:1)
  An elephant (Lair:5)
  A wind drake (Shoals:2)
5 creatures vanquished.

Vanquished Creatures (others)
  4 humans (Shoals:4)
  A quasit (D:15)
  A shadow imp (D:15)
  A white imp (D:15)
  2 ufetubi (D:15)
  A bush (Lair:5)
  67 fungi
  189 plants
  18 withered plants (Lair:6)
284 creatures vanquished.

Grand Total: 1135 creatures vanquished

Notes
Turn   | Place    | Note
-------+----------+-------------------------------------------
     0 | D:1      | gimp the Demigod Earth Elementalist began the quest for the
                  | Orb.
     0 | D:1      | Reached XP level 1. HP: 14/14 MP: 5/5
   350 | D:1      | Reached XP level 2. HP: 20/20 MP: 5/7
  1059 | D:2      | Reached XP level 3. HP: 26/26 MP: 5/9
  1064 | D:2      | Learned a level 3 spell: Stone Arrow
  2014 | D:3      | Reached skill level 1 in Conjurations
  2076 | D:3      | Reached XP level 4. HP: 33/33 MP: 4/10
  2462 | D:4      | Found a runed translucent door.
  2466 | D:4      | Noticed Sabo's ghost (novice DsBe)
  2606 | D:4      | Reached XP level 5. HP: 38/38 MP: 4/11
  2942 | D:4      | Noticed an ogre
  2948 | D:4      | Killed an ogre
  3052 | D:4      | Reached XP level 6. HP: 42/45 MP: 2/13
  3290 | D:4      | Reached skill level 5 in Earth Magic
  3784 | D:5      | Entered Level 5 of the Dungeon
  3814 | D:5      | Reached XP level 7. HP: 34/50 MP: 0/15
  4756 | D:5      | Found a staircase to the Ecumenical Temple.
  5206 | D:5      | Reached XP level 8. HP: 56/57 MP: 4/18
  5795 | D:6      | Reached skill level 5 in Spellcasting
  5971 | D:6      | Found a runed translucent gate.
  5972 | D:6      | Found a runed translucent gate.
  5972 | D:6      | Noticed Dvallin's ghost (novice KoFi)
  5973 | D:6      | Found a runed translucent gate.
  6029 | D:6      | Learned a level 4 spell: Petrify
  6211 | D:6      | Reached skill level 1 in Short Blades
  6558 | D:7      | Found Xesacora's Armour Boutique.
  6961 | D:7      | Learned a level 2 spell: Static Discharge
  6984 | D:7      | Reached skill level 1 in Transmutations
  7084 | D:7      | Reached XP level 9. HP: 37/62 MP: 14/21
  8205 | D:8      | Reached skill level 5 in Short Blades
  8484 | D:8      | Got Itiosucw's Grimoire of the Oath
  8633 | D:8      | Found a transporter.
  8634 | D:8      | Noticed horus123's ghost (novice DECj)
  8854 | D:8      | Noticed a boulder beetle
  8881 | D:8      | Killed a boulder beetle
  9023 | D:8      | Found a transporter.
  9576 | D:9      | Found a staircase to the Lair.
  9753 | D:9      | Reached XP level 10. HP: 69/69 MP: 14/24
 10273 | D:9      | Found a staircase to the Orcish Mines.
 10427 | D:7      | Bought the +1 troll leather armour "Bofi" {rElec rC+
                  | Regen+} for 574 gold pieces
 10568 | D:9      | Noticed a two-headed ogre
 11000 | D:9      | Killed a two-headed ogre
 11001 | D:9      | Reached skill level 1 in Fighting
 11263 | D:10     | Entered Level 10 of the Dungeon
 11844 | D:10     | Noticed a two-headed ogre
 11853 | D:10     | Killed a two-headed ogre
 11854 | D:10     | Reached skill level 5 in Stealth
 12080 | D:10     | Noticed a centaur warrior
 12092 | D:10     | Killed a centaur warrior
 12093 | D:10     | Reached XP level 11. HP: 66/82 MP: 23/27
 12421 | D:11     | Noticed Snorg
 12706 | D:11     | Noticed Erolcha
 12711 | D:11     | Killed Erolcha
 12712 | D:11     | Reached skill level 5 in Conjurations
 12936 | D:11     | Killed Snorg
 13051 | D:11     | Noticed Fannar
 13271 | D:11     | Noticed Josephine
 13283 | D:11     | Killed Josephine
 13711 | D:11     | Killed Fannar
 13712 | D:11     | Reached skill level 5 in Dodging
 13760 | D:12     | Noticed a harpy
 13776 | D:12     | Noticed a centaur warrior
 13842 | Lair:1   | Entered Level 1 of the Lair of Beasts
 14319 | Lair:1   | Noticed a four-headed hydra
 14355 | Lair:1   | Killed a four-headed hydra
 15470 | Lair:2   | Reached XP level 12. HP: 85/89 MP: 18/28
 16309 | Lair:2   | Found a hole to the Spider Nest.
 16588 | Lair:2   | Reached skill level 1 in Evocations
 17237 | Lair:3   | Found a frozen archway.
 17284 | IceCv    | Entered an ice cave
 17596 | IceCv    | Reached skill level 5 in Transmutations
 18186 | IceCv    | Identified the +3 plate armour of Vupaxoh {Contam *Corrode
                  | rC+++ Stlth+}
 18242 | Lair:3   | Found a staircase to the Shoals.
 19302 | Lair:4   | Noticed a six-headed hydra
 19314 | Lair:4   | Killed a six-headed hydra
 19328 | Lair:4   | Noticed a seven-headed hydra
 19531 | Lair:4   | Found a dark tunnel.
 19641 | Volcano  | Entered a volcano
 19846 | Volcano  | Noticed an ogre mage
 19850 | Volcano  | Killed an ogre mage
 19878 | Volcano  | HP: 3/89 [two-headed ogre (12)]
 19878 | Volcano  | HP: 1/89 [two-headed ogre (2)]
 19971 | Volcano  | Reached XP level 13. HP: 25/94 MP: 17/29
 20267 | Volcano  | Reached skill level 5 in Evocations
 20290 | Volcano  | Reached skill level 10 in Dodging
 20507 | Lair:4   | Reached skill level 1 in Shields
 20740 | Lair:4   | Reached skill level 2 in Shields
 21148 | Lair:4   | Reached skill level 3 in Shields
 21639 | Lair:4   | Reached skill level 4 in Shields
 22669 | Lair:5   | Reached skill level 5 in Shields
 23844 | Lair:6   | Entered Level 6 of the Lair of Beasts
 24177 | Lair:5   | Reached skill level 6 in Shields
 25501 | Lair:6   | Reached skill level 7 in Shields
 25605 | Lair:6   | Reached XP level 14. HP: 65/102 MP: 16/30
 26355 | Lair:6   | Found a staircase to the Slime Pits.
 26536 | Lair:6   | Found the +3 pair of gauntlets of War {Slay+5}
 27015 | Lair:6   | Reached skill level 8 in Shields
 28877 | Orc:1    | Entered Level 1 of the Orcish Mines
 29071 | Orc:1    | Reached skill level 9 in Shields
 29241 | Orc:2    | Entered Level 2 of the Orcish Mines
 29489 | Orc:2    | Found Uguenginn's Gadget Gallery.
 29546 | Orc:1    | Found Votruuwnukh's Distillery.
 29731 | Orc:1    | Bought 2 potions of curing for 72 gold pieces
 29731 | Orc:1    | Bought a potion of ambrosia for 96 gold pieces
 29731 | Orc:1    | Bought a potion of brilliance for 48 gold pieces
 30209 | Orc:2    | Found a staircase to the Elven Halls.
 30844 | Orc:2    | Found Teimn's Antique Weapon Shoppe.
 31009 | Orc:2    | Found Gatily's Antique Weapon Shoppe.
 31137 | Orc:2    | Paralysed by something for 2 turns
 31168 | Orc:2    | Paralysed by something for 7 turns
 31357 | Orc:2    | Found Fingar's Distillery.
 31442 | Orc:2    | Found Kope Tet's Book Emporium.
 31462 | Orc:2    | Bought a book of Cantrips for 180 gold pieces
 31462 | Orc:2    | Bought the Papyrus of Icy Conjuration for 630 gold pieces
 31471 | Orc:2    | Learned a level 7 spell: Ozocubu's Refrigeration
 31473 | Orc:2    | Learned a level 1 spell: Apportation
 32220 | D:12     | Reached skill level 1 in Ice Magic
 32223 | D:12     | Reached skill level 1 in Translocations
 33501 | D:13     | Reached skill level 10 in Shields
 33909 | D:14     | Found Rurphe's Overcharged Wands.
 34281 | D:14     | Found a gate to the Vaults.
 34978 | D:15     | Entered Level 15 of the Dungeon
 35253 | D:15     | Reached skill level 10 in Short Blades
 35899 | D:15     | Reached XP level 15. HP: 71/107 MP: 24/32
 36888 | D:15     | Found a staircase to the Depths.
 37013 | D:15     | Reached skill level 11 in Shields
 37377 | D:15     | Identified the +5 dagger of Uveuxez {drain, Will+}
 37382 | D:15     | Reached skill level 10 in Spellcasting
 37382 | D:15     | Reached XP level 16. HP: 114/114 MP: 30/35
 37602 | D:6      | Killed Dvallin's ghost
 37745 | D:6      | Learned a level 4 spell: Summon Ice Beast
 37915 | Shoals:1 | Entered Level 1 of the Shoals
 38262 | Shoals:1 | Reached skill level 1 in Summonings
 38984 | Orc:2    | Bought a condenser vane for 560 gold pieces
 39931 | Shoals:1 | Reached skill level 12 in Shields
 40063 | Shoals:1 | Identified the +1 ring mail "Ufyih" {Rampage rF+ Regen+
                  | Stlth+}
 40063 | Shoals:1 | Noticed Frances
 40076 | Shoals:1 | Killed Frances
 40077 | Shoals:1 | Reached skill level 5 in Ice Magic
 41739 | Shoals:2 | Found a runed translucent door.
 42040 | Shoals:2 | Found a one-way gate to the infinite horrors of the Abyss.
 42583 | Shoals:3 | Found Qitau's Jewellery Boutique.
 42669 | Shoals:3 | Noticed Polyphemus
 42917 | Shoals:3 | Killed Polyphemus
 43127 | Shoals:4 | Entered Level 4 of the Shoals
 43153 | Shoals:4 | Reached skill level 13 in Shields
 43284 | Shoals:4 | Noticed Kirke
 43300 | Shoals:3 | Killed Kirke
 43420 | Shoals:4 | Identified the ring of Sin {rElec rF- Will++ MP+9 Dex+4}
 43695 | Shoals:4 | Identified the +0 leather armour "Hiloes" {rPois}
 44141 | Shoals:4 | Reached skill level 5 in Summonings
 44330 | Shoals:4 | Reached XP level 17. HP: 119/119 MP: 32/36
 45616 | Shoals:4 | Got a barnacled rune of Zot
 45879 | Spider:1 | Entered Level 1 of the Spider Nest
 45890 | Spider:1 | Learned a level 4 spell: Flame Wave
 45952 | Spider:1 | Reached skill level 1 in Armour
 46145 | Spider:1 | Reached skill level 14 in Shields
 48016 | Spider:2 | Identified the +0 scale mail of the Six Tables {rPois
                  | Dex+7}
 48337 | Spider:2 | Reached skill level 15 in Shields
 48372 | Spider:3 | Noticed Jorgrun
 48836 | Spider:3 | Killed Jorgrun
 49028 | Spider:3 | Noticed Asterion
 49167 | Spider:3 | Killed Asterion
 50024 | Spider:4 | Entered Level 4 of the Spider Nest
 50024 | Spider:4 | Identified a scroll of acquirement
 50031 | Spider:4 | Acquired a +0 hat of willpower
 50510 | Spider:3 | HP: 4/119 [entropy weaver (13)]
 50511 | Spider:3 | Slain by an entropy weaver

Illustrated notes

Levels and vault maps discovered:
D:1:      minmay_arrival_semitransparent, layout_basic
D:2:      layout_loops_cross, minmay_tall_x
D:3:      layout_basic, mainiacjoe_overflow_concentric_impassable, zin_statuary,
          ebering_ecumenical_altar_box
D:4:      layout_rooms, ebering_ghost_sewer_d, minmay_misc_feat_secret_circle,
          minmay_quadrilaterals
D:5:      layout_loops_cross, minmay_temple_entry_trees, minmay_fountain_box,
          minmay_misc_feat_chi
D:6:      layout_basic, biasface_ghost_orc_armoury
D:7:      kennysheep_steamy, layout_cave_pools, lemuel_tele_altar, serial_shops,
          shop, kennysheep_cluttered_room, grunt_ministairs_11,
          columned_hall_lemuel, minivault_19
D:8:      layout_gridville, nicolae_qazlal_style_of_elements,
          gammafunk_ghost_arena
D:9:      layout_loops_ring, erik_lair_island, orc_0_dummy
D:10:     layout_cave_pools
D:11:     layout_loops_ring, uniq_josephine, uniq_snorg, uniq_erolcha,
          uniq_fannar
D:12:     layout_long_grid, minivault_12
D:13:     layout_layer_cave, fedhas_ov_isle_minmay
D:14:     layout_grid_maze, erik_vaults_1, nemelex_lonely_heart_becter,
          nicolae_shop_overcharged_wands
D:15:     grunt_enter_depths_hoard, layout_rooms, hangedman_devilish_allure
Lair:1:   dpeg_oklob_gauntlet, layout_concentric_octagons,
          chequers_serial_rivers_small_3
Lair:2:   layout_regular_city, spider_nest_entry_web_field, minivault_24,
          lemuel_fruit_fields
Lair:3:   layout_loops_ring, minmay_shoals_entry_centaurs,
          portal_ice_cave_entry_pillars_2, grunt_megastairs_4
Lair:4:   layout_regular_city, enter_volcano_1, grunt_forest_small_clearings,
          beast_lair_carwin_6, grunt_megastairs_5, infiniplex_staircase_pool_2
Lair:5:   layout_gridlike
Lair:6:   due_jungle_book, layout_gridlike, dpeg_slime_entry_enclosed_altar
Shoals:1: layout_shoals, serial_shops, statue_bzr,
          nicolae_shoals_cliffside_cave, uniq_frances
Shoals:2: layout_shoals, nicolae_shoals_abyss_on_the_beach
Shoals:3: layout_shoals, serial_shops, shop, uniq_polyphemus
Shoals:4: shoals_end_grunt_garden, layout_shoals, uniq_kirke
Spider:1: layout_spider_delve
Spider:2: layout_spider_delve
Spider:3: layout_spider_delve, drop_trap, uniq_asterion, uniq_jorgrun
Spider:4: grunt_spider_rune_circles, nicolae_spider_webs_and_nodes,
          uniq_bai_suzhen
Orc:1:    layout_caves, serial_shops, shop
Orc:2:    kennysheep_orc_mage_school, layout_caves, nicolae_shop_gadgets

Skill      XL: |  1  2  3  4  5  6  7  8  9 10 11 12 13 14 15 16 17 |
---------------+----------------------------------------------------+-----
Earth Magic    | 3 4 5 7 8 |  8.0
Spellcasting   | 2 3 4 5 6 8 10 | 10.5
Conjurations   | 1 2 4 8 |  8.0
Short Blades   | 3 6 8 10 | 10.0
Transmutations | 1 3 4 6 8 |  8.0
Stealth        | 5 6 |  6.0
Fighting       | 3 |  3.0
Dodging        | 6 9 10 | 10.0
Evocations     | 4 7 8 |  8.2
Shields        | 7 10 11 13 15 | 15.0
Ice Magic      | 2 3 6 8 |  8.8
Translocations | 2 |  2.0
Summonings     | 5 |  5.5
Armour         | 4 |  4.0

Action                   |  1- 3 |  4- 6 |  7- 9 | 10-12 | 13-15 | 16-18 || total
-------------------------+-------+-------+-------+-------+-------+-------++-------
Melee: Unarmed           |     1 |       |       |       |       |       ||     1
       Dagger            |     9 |    17 |    18 |    89 |   314 |   161 ||   608
       Staff             |       |       |       |       |       |     7 ||     7
 Cast: Sandblast         |    70 |    34 |    13 |    32 |    21 |       ||   170
       Stone Arrow       |     2 |    34 |   136 |   356 |   656 |   597 ||  1781
       Petrify           |       |       |     2 |    23 |    54 |    43 ||   122
       Static Discharge  |       |       |       |     1 |    11 |    45 ||    57
       Summon Ice Beast  |       |       |       |       |       |    12 ||    12
       Flame Wave        |       |       |       |       |       |     3 ||     3
Evoke: Wand              |       |       |       |     4 |     3 |     4 ||    11
       Box of beasts     |       |       |       |     1 |     3 |       ||     4
       Tin of tremorston |       |       |       |       |     1 |     3 ||     4
       Phial of floods   |       |       |       |       |       |     2 ||     2
       Condenser vane    |       |       |       |       |       |     2 ||     2
  Use: Scroll            |       |     1 |     8 |    11 |     9 |     7 ||    36
       Potion            |       |       |       |     1 |     2 |     2 ||     5
 Stab: Petrified         |       |       |    11 |    22 |    48 |    46 ||   127
       Petrifying        |       |       |       |       |     1 |     3 ||     4
       Sleeping          |       |       |       |       |       |     2 ||     2
Armor: Robe              |     7 |     9 |    10 |     8 |       |    64 ||    98
       Troll leather arm |       |       |       |    46 |   161 |    24 ||   231
Dodge: Dodged            |    27 |    31 |    28 |   164 |   354 |   308 ||   912
Block: Kite shield       |       |       |       |       |   114 |   547 ||   661
       Reflection        |       |       |       |       |     6 |    80 ||    86

Table legend: (Time is in decaauts)
 A = Elapsed time spent in this place.
 B = Non-inter-level travel time spent in this place.
 C = Inter-level travel time spent in this place.
 D = Time resting spent in this place.
 E = Time spent auto-exploring this place.
 F = Levels seen in this place.
 G = Mean time per level.
                   A        B        C        D        E       F      G
               +--------+--------+--------+--------+--------+-----+--------+
         Total |  50754 |  48129 |   2625 |   8989 |  30868 |  33 | 1538.0 |
       Dungeon |  20242 |  18964 |   1278 |   1776 |  14571 |  15 | 1349.5 |
          Lair |  13800 |  13136 |    664 |   2470 |   8192 |   6 | 2300.0 |
        Shoals |   7616 |   7247 |    369 |   2106 |   3678 |   4 | 1904.0 |
   Spider Nest |   4638 |   4468 |    170 |   1498 |   2156 |   4 | 1159.5 |
  Orcish Mines |   2749 |   2608 |    141 |    210 |   1793 |   2 | 1374.5 |
      Ice Cave |    942 |    942 |      0 |    623 |    120 |   1 |  942.0 |
       Volcano |    764 |    764 |      0 |    305 |    357 |   1 |  764.0 |
               +--------+--------+--------+--------+--------+-----+--------+

Top non-repeatable levels by time:
  Lair:6: 3587 daAuts
  Lair:5: 2662 daAuts
Shoals:1: 2335 daAuts
  Lair:4: 2281 daAuts
Shoals:3: 2036 daAuts
Spider:2: 1947 daAuts
    D:15: 1944 daAuts
     D:9: 1907 daAuts
  Lair:2: 1855 daAuts
   Orc:2: 1844 daAuts
  Lair:1: 1822 daAuts
     D:8: 1663 daAuts
Shoals:2: 1642 daAuts
Shoals:4: 1601 daAuts
  Lair:3: 1590 daAuts
